 Dungeon Crawl Stone Soup version 0.22-a0-348-gd16d139 (webtiles) character file.

1760237 fictitious the Conqueror (level 27, 195/199 HPs)
             Began as a Gargoyle Fighter on Apr 11, 2018.
             Was the Champion of Qazlal.
             Escaped with the Orb
             ... and 3 runes on Apr 12, 2018!
             The game lasted 05:15:48 (70084 turns).

fictitious the Conqueror (Gargoyle Fighter)        Turns: 70084, Time: 05:15:48

Health: 195/199    AC: 62    Str: 28    XL:     27
Magic:  12/12      EV: 15    Int: 12    God:    Qazlal [******]
Gold:   1115       SH: 38    Dex: 10    Spells: 17/26 levels left

rFire    + + .     SeeInvis +   b - +5 broad axe (antimagic)
rCold    + + +     Gourm    .   Q - +4 large shield {rF+}
rNeg     + + .     Faith    .   U - +12 plate armour of Dusoz {rC++ Regen+ Dex-4}
rPois    ∞         Spirit   .   R - +2 hat {MR+}
rElec    +         Reflect  .   P - +2 cloak of the Thief {+Fog Slay-2 SInv Stlth+}
rCorr    +         Harm     .   M - +2 pair of gloves {Str+3}
MR       +++++     Clarity  +   F - +0 pair of boots of Poxan {rElec rC++ rCorr}
Stlth    ..........             n - amulet of the Four Winds {rN+ MR+++ Clar}
HPRegen  0.83/turn              l - ring of protection from fire
MPRegen  0.13/turn              Y - +5 ring of slaying

@: repel missiles
A: big wings, beak, repulsion field 1, clarity, deterioration 1, negative energy
resistance 1, screaming 1, electricity resistance, unbreathing, petrification
resistance, rot immunity, subdued magic 1, AC +20
0: Orb of Zot
}: 3/15 runes: decaying, silver, gossamer
a: Fly, Upheaval, Elemental Force, Disaster Area, Renounce Religion, Evoke Fog


You escaped.
You worshipped Qazlal.
Qazlal was exalted by your worship.
You were full.

You visited 10 branches of the dungeon, and saw 50 of its levels.
You visited the Abyss 1 time.
You visited 1 bazaar.
You also visited: Bailey and Wizlab.

You collected 8666 gold pieces.
You spent 7551 gold pieces at shops.

Inventory:

Hand Weapons
 a - a +5 vampiric broad axe
 b - a +5 antimagic broad axe (weapon)
 y - a +3 broad axe of distortion
 H - a +3 broad axe of flaming
Missiles
 L - 22 tomahawks of returning (quivered)
Armour
 F - the +0 pair of boots of Poxan (worn) {rElec rC++ rCorr}
   (You bought it in a shop on level 4 of the Depths)

   It greatly protects you from cold.
   It insulates you from electricity.
   It protects you from acid and corrosion.
 M - a +2 pair of gloves of strength (worn)
 P - the +2 cloak of the Thief (worn) {+Fog Slay-2 SInv Stlth+}
   (You found it on level 5 of the Vaults)

   It affects your accuracy and damage with ranged weapons and melee attacks
   (-2).
   It lets you see invisible.
   It makes you more stealthy.
 Q - a +4 large shield of fire resistance (worn)
 R - a +2 hat of magic resistance (worn)
 T - a +5 shield of reflection {Donald}
 U - the +12 plate armour of Dusoz (worn) {rC++ Regen+ Dex-4}
   (You found it on level 2 of the Vaults)

   It affects your dexterity (-4).
   It greatly protects you from cold.
   It increases your rate of regeneration.
Jewellery
 g - an uncursed amulet of guardian spirit
 l - a ring of protection from fire (left hand)
 n - the amulet of the Four Winds (around neck) {rN+ MR+++ Clar}
   (You bought it in a shop in a bazaar)

   [amulet of nothing]

   It protects you from negative energy.
   It affects your resistance to hostile enchantments.
   It protects you against confusion.
 Y - a +5 ring of slaying (right hand)
Wands
 A - a wand of acid (28)
 B - a wand of iceblast (35)
 C - a wand of clouds (7)
 E - a wand of enslavement (38)
 I - a wand of digging (12)
Scrolls
 h - a scroll of brand weapon {!r}
 i - 3 scrolls of torment {!r}
 k - 28 scrolls of remove curse
 q - 5 scrolls of immolation
 r - 20 scrolls of identify
 t - 5 scrolls of magic mapping
 v - 4 scrolls of holy word
 w - 11 scrolls of fog
 D - a scroll of silence
 G - 4 scrolls of blinking {!r}
 K - 18 scrolls of teleportation
 X - 5 scrolls of fear
Potions
 d - a potion of invisibility
 f - 2 potions of resistance
 j - 9 potions of ambrosia
 m - 4 potions of cancellation
 o - 3 potions of magic
 p - 2 potions of might
 s - 15 potions of brilliance
 z - 19 potions of curing
 N - 5 potions of mutation {!q}
 V - 10 potions of heal wounds
Miscellaneous
 e - 4 sacks of spiders
 x - a phantom mirror
 W - a box of beasts
 Z - a phial of floods
Comestibles
 c - 45 rations


   Skills:
 O Level 27 Fighting
 + Level 20.4 Axes
 - Level 8.0 Throwing
 + Level 17.8 Armour
 + Level 13.0 Dodging
 - Level 25.0 Shields
 * Level 21.6 Invocations
 - Level 8.0 Evocations


You had 17 spell levels left.
You knew the following spells:

 Your Spells              Type           Power        Failure   Level  Hunger
a - Blink                 Tloc           N/A          92%         2    ###....
b - Swiftness             Chrm/Air       #.......     92%         2    ###....
c - Aura of Abjuration    Summ           #.........   100%        5    ######.


Dungeon Overview and Level Annotations

Branches:
Dungeon (15/15)            Temple (1/1) D:6            Lair (6/6) D:10
  Swamp (4/4) Lair:2       Spider (4/4) Lair:4        Slime (0/5) Lair:6
    Orc (2/2) D:12            Elf (3/3) Orc:2        Vaults (5/5) D:14
  Crypt (0/3) Vaults:3     Depths (5/5) D:15            Zot (5/5) Depths:5

Altars:
Ashenzari
Cheibriados
Dithmenos
Fedhas
Gozag
Hepliaklqana
Kikubaaqudgha
Makhleb
Qazlal
Ru
Sif Muna
Trog
Vehumet
Xom
Yredelemnul
Zin
The Shining One

Shops:
D:4 ((   D:11 :   Orc:1 !   Orc:2 [!(%   Elf:1 }   Vaults:2 ?   Vaults:5 [
Depths:1 *   Depths:3 }   Depths:4 [?*:   Depths:5 =}}

Portals:
Hell: Depths:1 Depths:2 Depths:3 Depths:4 Depths:5
Abyss: Depths:4
Pandemonium: Depths:3 Depths:4
Ziggurat: Depths:4

Annotations:
D:7 pigiy's ghost, novice MiFi


Innate Abilities, Weirdness & Mutations

You are resistant to torment.
Your stone body is resilient. (AC +20)
You are immune to poison.
Your large and strong wings let you fly indefinitely.
You resist negative energy. (rN+)
You are resistant to electric shocks. (rElec)
You can survive without breathing.
You are immune to petrification.
You are immune to rotting.
You have a beak for a mouth.
You are surrounded by a mild repulsion field. (EV +2)
You possess an exceptional clarity of mind.
Your body sometimes deteriorates upon taking damage.
You occasionally shout uncontrollably at your foes.
Your spells are a little easier to cast, but a little less powerful.


Message History

You block the soul eater's attack.
You hit the soul eater.
The soul eater's magic leaks into the air.
The soul eater is moderately wounded.
The soul eater hits you but does no damage.
You slice the soul eater!!
The soul eater's magic leaks into the air.
You peck the soul eater, but do no damage.
The soul eater is almost dead.
You hit the soul eater.
The soul eater's magic leaks into the air.
Your peck misses the soul eater.
The soul eater is almost dead.
You block the soul eater's attack.
You slice the soul eater!!
You kill the soul eater!
No target in view!
An Orb Guardian comes into view.
There is a staircase leading out of the dungeon here.
You have escaped!

###.....................#
..#......#####..........#
..#......# ##.........####
..#......######............#
..'...........#X##.#.......#
.##........##.#....#.......######
......#.....#.##.###.............
.###..#...........##.######......
.#.)........#.##@.##..# #......
.###.......##.###.##..# #....#.
.###.#..#.##### #.§...#####.....^
.............# #.#...........#..
.##.##.......# #.#....###....##.
.##........#.# #.............###
......#....#.# ####..####....#..
...#..#....#.# #..# ##...+..
##.#.......#.# #.## #...#..


You could see an Orb Guardian.

Vanquished Creatures
  12 ancient liches
  An orb of fire (Zot:4)
  A juggernaut (Depths:2)
  Sojobo (Depths:5)
  4 curse toes
  A shard shrike (Zot:1)
  Xtahua (Vaults:2)
  3 Killer Klowns
  2 caustic shrikes (Depths:2)
  Bai Suzhen (Vaults:4)
  19 golden dragons
  Nikola (Vaults:2)
  Jory (Vaults:2)
  the Enchantress (Depths:4)
  A Hellbinder (WizLab)
  5 electric golems
  2 bone dragons
  Arachne (Spider:2)
  2 hellephants
  A Tzitzimitl (Depths:4)
  Jorgrun (Spider:2)
  7 liches
  Rupert (Lair:6)
  16 tentacled monstrosities
  27 Orb Guardians
  3 quicksilver dragons
  3 deep elf blademasters
  A deep elf master archer (Elf:3)
  A titan (Zot:2)
  An Executioner (Abyss:5)
  4 sphinxes
  Gastronok (D:8)
  9 death cobs
  Agnes (Elf:1)
  2 tentacled starspawn (Abyss:5)
  7 shadow dragons
  6 tengu reavers
  12 storm dragons
  4 draconian monks
  4 thorn hunters
  Donald (Spider:1)
  A daeva (Abyss:5)
  The ghost of Sinnyil the Thaumaturge, an adept GnSk of Cheibriados (Spider:3)
  17 fire giants
  4 ghost moths
  11 deep elf sorcerers
  5 iron dragons
  3 draconian knights
  18 frost giants
  17 vault wardens
  3 orc warlords
  Louise (Spider:1)
  8 emperor scorpions
  8 draconian stormcallers
  14 draconian scorchers
  2 balrugs (WizLab)
  2 ghouls
  2 cacodemons (WizLab)
  An angel (D:15)
  6 deep elf elementalists
  5 draconian shifters
  8 draconian annihilators
  6 spriggan defenders
  18 very ugly things
  4 war gargoyles (Vaults:5)
  An entropy weaver (Spider:3)
  28 stone giants
  10 ironheart preservers
  4 vampire knights
  11 green draconians
  13 white draconians
  15 black draconians
  A black sun (WizLab)
  14 deep elf demonologists
  14 red draconians
  3 lorocyprocas
  5 deep elf annihilators
  Azrael (Spider:1)
  7 spark wasps
  6 purple draconians
  8 yellow draconians
  A crystal guardian (Vaults:4)
  A blizzard demon (Zot:4)
  A merfolk javelineer (Depths:5)
  10 deep elf death magi
  12 green deaths
  9 ettins
  Josephine (Spider:1)
  2 jiangshi (Depths:2)
  11 fire dragons
  4 ice dragons
  2 deep elf high priests
  A quicksilver dragon zombie (Depths:4)
  4 great orbs of eyes
  16 yaktaur captains
  A caustic shrike simulacrum (Depths:4)
  7 rakshasas
  Erolcha (D:13)
  39 vault guards
  4 catoblepae
  5 ghost crabs (Swamp:3)
  11 centaur warriors
  Harold (Lair:1)
  22 hydras
  An ice dragon (shapeshifter) (D:15)
  3 hell beasts
  4 spriggan air magi
  3 death knights
  The ghost of mattiecakes the Cleaver, a novice MiFi of Qazlal (D:8)
  33 dancing weapons
  12 alligators
  A deep troll shaman (Depths:2)
  60 two-headed ogres
  5 tengu warriors
  17 ogre magi
  15 death yaks
  2 vampire magi
  7 spriggan berserkers
  3 deep troll earth magi
  2 thrashing horrors (Abyss:5)
  3 soul eaters
  6 sun demons
  Urug (Orc:1)
  Sonja (Lair:1)
  Nergalle (Orc:1)
  3 hell knights
  18 deep elf knights
  4 sixfirhies
  7 iron trolls (Zot:2)
  A titan skeleton (Depths:3)
  8 skeletal warriors
  A salamander mystic (Depths:3)
  6 unseen horrors
  An entropy weaver zombie (Spider:1)
  An iron troll (shapeshifter) (Vaults:1)
  2 wretched stars (Abyss:5)
  A death drake (shapeshifter) (Vaults:4)
  A spark wasp zombie (Spider:1)
  A glowing orange brain (Depths:4)
  An infernal demonspawn (Depths:3)
  12 deep trolls
  9 swamp dragons
  A gelid demonspawn (Depths:3)
  7 phantasmal warriors
  A shadow demon (WizLab)
  4 wizards
  An obsidian statue (Depths:5)
  5 spriggan druids
  3 flayed ghosts
  11 deep elf archers
  A torturous demonspawn (Depths:3)
  12 orc knights
  3 harpies (Vaults:2)
  2 shambling mangroves (Swamp:3)
  25 ironbrand convokers
  3 wolf spider zombies
  An orb spider (shapeshifter) (Vaults:5)
  52 deep elf magi
  Pikel (D:5)
  3 necromancers
  10 orb spiders
  A tengu skeleton (Depths:4)
  2 lindwurms
  An orc sorcerer (Vaults:3)
  34 wolf spiders
  A harpy (shapeshifter) (Vaults:1)
  56 ugly things
  3 manticores (D:15)
  A stone giant zombie (Depths:3)
  3 salamanders (Depths:3)
  2 centaur zombies
  36 moths of wrath
  7 cyclopes
  An elephant (shapeshifter) (D:15)
  A black mamba (shapeshifter) (D:14)
  Joseph (D:7)
  3 apocalypse crabs (Swamp:3)
  A stone giant skeleton (Abyss:5)
  2 rust devils
  A fire giant skeleton (Depths:4)
  14 vault sentinels
  20 spiny frogs
  A smoke demon (WizLab)
  4 black mambas
  3 gargoyles
  6 orange demons
  2 hellions
  An emperor scorpion zombie (Spider:1)
  5 redback zombies (Spider:1)
  A rime drake (shapeshifter) (D:13)
  8 komodo dragons
  18 demonic crawlers
  10 freezing wraiths
  3 elf zombies
  16 rime drakes
  4 ice devils
  3 tormentors (WizLab)
  4 efreet
  42 yaktaurs
  An ancient zyme (Abyss:5)
  A golden dragon simulacrum (Depths:3)
  9 red devils
  2 tengu conjurers
  26 jumping spiders
  5 hellwings
  2 polar bears (shapeshifter)
  A troll (shapeshifter) (Vaults:1)
  A meliai (shapeshifter) (Vaults:1)
  11 polar bears
  13 trolls
  A wind drake (shapeshifter) (D:14)
  2 jumping spiders (shapeshifter)
  A hornet (shapeshifter) (Vaults:2)
  A tengu simulacrum (Depths:3)
  42 hornets
  A meliai zombie (D:15)
  7 bog bodies
  7 tyrant leeches
  30 slime creatures
  10 blink frogs
  2 jumping spider zombies (Spider:1)
  A fire giant simulacrum (Vaults:3)
  4 raiju (Abyss:5)
  2 dream sheep (Lair:6)
  9 hippogriffs
  A hippogriff (shapeshifter) (Depths:3)
  A tarantella zombie (Spider:1)
  A stone giant simulacrum (Vaults:2)
  Sigmund (D:3)
  21 spriggans
  16 tarantellas
  5 wyverns
  72 redbacks
  2 air elementals (Elf:2)
  2 shadows
  13 water elementals
  7 wraiths
  2 vampires
  3 ynoxinuls
  3 basilisks
  A hog (shapeshifter) (D:15)
  A human (shapeshifter) (Vaults:3)
  Grum (D:8)
  5 fire elementals
  4 hogs (D:7)
  5 neqoxecs
  35 yaks
  A human (D:7)
  6 golden eyes (Depths:4)
  4 hungry ghosts
  An elf simulacrum (Depths:3)
  3 chaos spawn (WizLab)
  12 steam dragons
  30 vampire mosquitoes
  8 small abominations
  7 wargs
  Menkaure (D:4)
  A soldier ant (shapeshifter) (Depths:3)
  4 soldier ants
  3 acid dragons
  14 swamp worms
  9 insubstantial wisps
  An acid dragon (shapeshifter) (D:13)
  10 water moccasins
  2 hydra simulacra (Zot:1)
  A floating eye (Depths:2)
  3 large abominations (Abyss:5)
  A porcupine (shapeshifter) (D:14)
  11 porcupines
  3 sky beasts
  5 hell hounds
  13 swamp drakes
  3 ice beasts
  49 orc warriors
  4 phantoms
  An eye of draining (D:15)
  A hornet zombie (Spider:1)
  3 slaves (D:6)
  41 ogres
  4 black bears
  A necrophage (D:8)
  25 centaurs
  5 boggarts
  44 wolves
  8 crocodiles
  2 torpor snail zombies (Spider:1)
  20 bullfrogs
  A big kobold (D:12)
  A deep troll simulacrum (Vaults:2)
  A wyvern zombie (D:7)
  A gnoll sergeant (Orc:1)
  3 wyvern skeletons
  11 scorpions
  10 killer bees (D:11)
  3 troll zombies (D:12)
  A water moccasin skeleton (D:8)
  An orc simulacrum (Vaults:1)
  4 howler monkeys
  4 wights (D:8)
  An electric eel (Lair:3)
  A howler monkey (shapeshifter) (Elf:1)
  29 crimson imps
  A quasit (D:10)
  3 bullfrog zombies
  13 starcursed masses (Abyss:5)
  3 hounds
  3 centaur skeletons
  6 jellies
  13 orc priests
  31 orc wizards
  2 bullfrog skeletons
  5 iron imps
  4 iguanas
  Natasha (thrice) (D:2)
  9 hell rats
  20 worker ants
  5 ogre zombies (D:12)
  A hound skeleton (D:8)
  A worker ant zombie (D:6)
  A howler monkey zombie (D:7)
  11 gnolls
  7 river rats (Lair:1)
  9 adders
  7 shadow imps
  10 white imps
  An adder skeleton (D:5)
  2 adder zombies
  A dart slug (D:1)
  7 worms
  3 leopard geckos
  110 orcs
  9 giant cockroaches
  8 goblins
  6 hobgoblins
  7 jackals
  3 quokkas
  3 ball pythons
  5 bats
  3 frilled lizards
  A giant cockroach zombie (D:5)
  2 goblin skeletons (D:12)
  3 goblin zombies (D:12)
  2 hobgoblin skeletons (D:12)
  4 hobgoblin zombies (D:12)
  30 kobolds
  A leopard gecko skeleton (D:6)
  14 orc zombies
  9 rats
  4 briar patches (Swamp:1)
  A butterfly (Lair:2)
  17 crawling corpses
  6 fungi
  5 plants
  4 starspawn tentacles (Abyss:5)
2641 creatures vanquished.

Vanquished Creatures (collateral kills)
  A pandemonium lord (Depths:5)
  An ancient lich (Zot:5)
  2 orbs of fire (Zot:5)
  2 Orb Guardians (Zot:5)
  A thorn hunter (Swamp:4)
  3 shadow dragons
  2 draconian knights (Zot:5)
  A cacodemon (D:13)
  A draconian shifter (Zot:5)
  A stone giant (Vaults:5)
  A white draconian (Zot:5)
  A purple draconian (Zot:5)
  A red draconian (Zot:5)
  A hydra (Swamp:4)
  A sixfirhy (D:13)
  A swamp dragon (Swamp:4)
  An orange demon (D:13)
  2 tyrant leeches (Swamp:4)
  A spriggan (Swamp:4)
  A swamp drake (Swamp:4)
26 creatures vanquished.

Vanquished Creatures (others)
  A deep elf master archer (Elf:3)
  A death cob (Zot:1)
  A tengu reaver (Vaults:5)
  A draconian knight (Depths:5)
  An entropy weaver (Spider:1)
  Nessos (D:13)
  7 yaktaur captains
  2 ogre magi
  3 centaur warriors
  A tengu warrior (D:15)
  A wizard (D:15)
  2 ironbrand convokers
  6 deep elf archers
  2 deep elf magi
  An orc knight (Vaults:1)
  An orb spider (Spider:4)
  A cyclops (Vaults:1)
  2 moths of wrath
  A rime drake (Lair:5)
  A torpor snail (Spider:2)
  12 yaktaurs
  A hornet (Swamp:4)
  2 redbacks
  A chaos spawn (Depths:4)
  A swamp worm (Swamp:4)
  An acid dragon (Vaults:1)
  A warg (Vaults:1)
  A water moccasin (Lair:5)
  A sky beast (D:6)
  6 orc warriors
  9 centaurs
  2 orc priests (Vaults:1)
  A worker ant (Spider:1)
  An adder (D:6)
  12 orcs
  29 fungi
  19 plants
  4 starspawn tentacles (Abyss:5)
141 creatures vanquished.

Grand Total: 2808 creatures vanquished

Notes
Turn   | Place    | Note
-------+----------+-------------------------------------------
     0 | D:1      | fictitious the Gargoyle Fighter began the quest for the Orb.
     0 | D:1      | Reached XP level 1. HP: 14/14 MP: 1/1
   143 | D:1      | Reached XP level 2. HP: 19/19 MP: 2/2
   591 | D:2      | Reached XP level 3. HP: 16/24 MP: 3/3
  1068 | D:2      | Noticed Natasha
  1084 | D:2      | Killed Natasha
  1084 | D:2      | Reached XP level 4. HP: 29/29 MP: 4/4
  1146 | D:2      | Noticed Natasha
  1157 | D:2      | Killed Natasha
  1157 | D:2      | Reached skill level 4 in Fighting
  1549 | D:2      | Found a shattered altar of Ashenzari.
  1585 | D:2      | Noticed Natasha
  1606 | D:2      | Killed Natasha
  1606 | D:2      | Reached XP level 5. HP: 5/33 MP: 5/5
  2622 | D:3      | Noticed Sigmund
  2677 | D:4      | Found Edebbikhuinn's Weapon Shop.
  2979 | D:4      | Noticed Menkaure
  2995 | D:4      | Killed Menkaure
  2995 | D:4      | Reached XP level 6. HP: 39/39 MP: 6/6
  3350 | D:4      | Found Piwubafri's Antique Weapon Emporium.
  3431 | D:4      | Reached skill level 5 in Shields
  3434 | D:4      | Reached skill level 5 in Fighting
  3441 | D:4      | Reached XP level 7. HP: 39/44 MP: 7/7
  3817 | D:4      | Reached skill level 5 in Axes
  4305 | D:5      | Entered Level 5 of the Dungeon
  4893 | D:5      | Reached XP level 8. HP: 33/51 MP: 8/8
  5257 | D:5      | Reached skill level 6 in Fighting
  5543 | D:6      | Found a hazy altar of Hepliaklqana.
  6202 | D:6      | Noticed Pikel
  6225 | D:5      | Killed Pikel
  6225 | D:5      | Reached XP level 9. HP: 38/55 MP: 9/9
  6565 | D:6      | Found a staircase to the Ecumenical Temple.
  6577 | Temple   | Entered the Ecumenical Temple
  6599 | Temple   | Became a worshipper of Qazlal Stormbringer
  7295 | D:7      | Reached * piety under Qazlal
  7493 | D:7      | Reached XP level 10. HP: 37/60 MP: 10/10
  7637 | D:7      | Reached skill level 10 in Axes
  7713 | D:7      | Found a shadowy altar of Dithmenos.
  7715 | D:7      | Found a deep blue altar of Sif Muna.
  7770 | D:7      | Noticed pigiy's ghost (novice MiFi)
  7810 | D:7      | Noticed Joseph
  7849 | D:8      | Noticed Gastronok
  8297 | D:8      | Noticed Grum
  8316 | D:8      | Killed Grum
  8478 | D:8      | Noticed a two-headed ogre
  8496 | D:8      | Noticed a two-headed ogre
  8540 | D:8      | Found a flagged portal.
  8546 | Bailey   | Entered a bailey
  8551 | Bailey   | Noticed an orc warlord
  8683 | Bailey   | Reached ** piety under Qazlal
  8821 | Bailey   | Found a runed gate.
  8823 | Bailey   | Found a runed gate.
  8826 | Bailey   | Found a runed gate.
  8935 | Bailey   | Killed an orc warlord
  8935 | Bailey   | Reached skill level 10 in Shields
  8976 | Bailey   | Got a jewelled flail
  9101 | D:8      | Found a bloodstained altar of Trog.
  9102 | D:8      | Identified 2 scrolls of acquirement
  9112 | D:8      | Killed a two-headed ogre
  9112 | D:8      | Reached XP level 11. HP: 64/64 MP: 11/11
  9592 | D:9      | Found a shadowy altar of Dithmenos.
  9832 | D:9      | Reached skill level 1 in Invocations
 10042 | D:9      | Reached *** piety under Qazlal
 10125 | D:9      | Found an ancient bone altar of Kikubaaqudgha.
 11222 | D:3      | Killed Sigmund
 11782 | D:7      | Killed Joseph
 11890 | D:8      | Noticed mattiecakes's ghost (novice MiFi)
 11998 | D:10     | Entered Level 10 of the Dungeon
 12252 | D:10     | Found a staircase to the Lair.
 12255 | D:10     | Reached **** piety under Qazlal
 12292 | D:10     | Killed an unseen horror
 12475 | D:10     | Reached skill level 7 in Fighting
 12660 | D:10     | Noticed a two-headed ogre
 13170 | D:10     | Killed a two-headed ogre
 13170 | D:10     | Reached skill level 5 in Armour
 13327 | D:10     | Reached skill level 5 in Invocations
 13327 | D:10     | Reached XP level 12. HP: 64/72 MP: 15/15
 13483 | Lair:1   | Entered Level 1 of the Lair of Beasts
 13485 | Lair:1   | Noticed Harold
 13505 | Lair:1   | Killed Harold
 14255 | Lair:2   | Noticed Sonja
 14292 | Lair:1   | Killed Sonja
 15320 | Lair:2   | Found a staircase to the Swamp.
 16320 | Lair:4   | Noticed a six-headed hydra
 16321 | Lair:4   | Reached XP level 13. HP: 52/76 MP: 18/18
 16335 | Lair:3   | Identified the +5 flail "Awoaceph" {crush, rF+ rN+} (You found it in a bailey)
 17573 | Lair:4   | Found a hole to the Spider Nest.
 18920 | Lair:5   | Reached ***** piety under Qazlal
 18946 | Lair:5   | Reached skill level 10 in Invocations
 19133 | Lair:5   | Noticed a fire dragon
 19153 | Lair:5   | Killed a fire dragon
 19153 | Lair:5   | Gained mutation: Your large and strong wings let you fly indefinitely. [Gargoyle growth]
 19153 | Lair:5   | Reached XP level 14. HP: 41/82 MP: 21/21
 19874 | Lair:5   | Found a shadowy altar of Dithmenos.
 20322 | D:11     | Found Emaga's Book Emporium.
 21481 | D:12     | Found a staircase to the Orcish Mines.
 22313 | Orc:1    | Entered Level 1 of the Orcish Mines
 22324 | Orc:1    | Noticed Nergalle
 22334 | Orc:1    | Killed Nergalle
 22394 | Orc:1    | Noticed a stone giant
 22829 | Lair:6   | Entered Level 6 of the Lair of Beasts
 22851 | Lair:6   | Reached ****** piety under Qazlal
 22871 | Lair:6   | Reached skill level 1 in Dodging
 23154 | Lair:6   | Noticed Rupert
 23285 | Lair:5   | Reached skill level 15 in Shields
 23814 | Lair:6   | Reached skill level 8 in Fighting
 23817 | Lair:6   | Killed Rupert
 24049 | Lair:6   | Got a warped ring mail
 24066 | Lair:5   | Identified the +4 ring mail of Vlad {Dex+3} (You took it off a spriggan on level 6 of the Lair of Beasts)
 24130 | Lair:6   | Found a staircase to the Slime Pits.
 24246 | Lair:6   | Reached XP level 15. HP: 78/88 MP: 22/22
 24869 | Lair:6   | Found an opulent altar of Gozag.
 25389 | Spider:1 | Entered Level 1 of the Spider Nest
 25389 | Spider:1 | Noticed Josephine
 25664 | Spider:1 | Killed Josephine
 25724 | Spider:1 | Reached skill level 15 in Axes
 25932 | Spider:1 | Noticed Louise
 25956 | Spider:1 | Killed Louise
 25956 | Spider:1 | Reached skill level 10 in Armour
 26035 | Spider:1 | Noticed Azrael
 26056 | Spider:1 | Killed Azrael
 27108 | Spider:1 | Noticed Donald
 27150 | Spider:1 | Killed Donald
 27400 | Spider:1 | Reached skill level 9 in Fighting
 27550 | Spider:1 | Noticed an emperor scorpion
 27595 | Spider:1 | Killed an emperor scorpion
 27860 | Spider:1 | Noticed an emperor scorpion
 27894 | Spider:1 | Killed an emperor scorpion
 28173 | Spider:1 | Reached XP level 16. HP: 85/96 MP: 23/23
 28180 | Spider:1 | Reached skill level 5 in Throwing
 28978 | D:13     | Noticed Nessos
 28986 | D:13     | Killed Nessos
 28987 | D:13     | Noticed Erolcha
 29037 | D:13     | Found a stormy altar of Qazlal.
 29250 | D:13     | Killed Erolcha
 30447 | D:14     | Reached skill level 5 in Dodging
 30453 | D:14     | Reached skill level 10 in Fighting
 30716 | D:14     | Found a basalt altar of Yredelemnul.
 30890 | D:14     | Found a gate to the Vaults.
 31255 | Orc:1    | Noticed Urug
 31274 | Orc:1    | Killed Urug
 31337 | Orc:1    | Found Liclu's Distillery.
 31342 | Orc:1    | Bought a potion of heal wounds for 60 gold pieces
 31342 | Orc:1    | Bought a potion of berserk rage for 60 gold pieces
 31342 | Orc:1    | Bought a potion of heal wounds for 60 gold pieces
 31342 | Orc:1    | Bought a potion of flight for 36 gold pieces
 31558 | Orc:2    | Entered Level 2 of the Orcish Mines
 31558 | Orc:2    | Found a burning altar of Makhleb.
 31564 | Orc:2    | Found a staircase to the Elven Halls.
 32228 | Orc:2    | Found Roaqa's Weapon Boutique.
 32228 | Orc:2    | Found Wetufa's Distillery.
 32240 | Orc:2    | Found Posiumej's Food Shop.
 32242 | Orc:2    | Found Kumer's Antique Armour Emporium.
 32257 | Orc:2    | Bought a potion of mutation for 104 gold pieces
 32257 | Orc:2    | Bought a potion of heal wounds for 65 gold pieces
 32257 | Orc:2    | Bought a potion of curing for 39 gold pieces
 32257 | Orc:2    | Bought a potion of cancellation for 104 gold pieces
 32257 | Orc:2    | Bought a potion of resistance for 130 gold pieces
 32257 | Orc:2    | Bought a potion of might for 52 gold pieces
 32257 | Orc:2    | Bought a potion of agility for 52 gold pieces
 32792 | Swamp:1  | Entered Level 1 of the Swamp
 33046 | Swamp:1  | Noticed a thorn hunter
 33053 | Swamp:1  | Killed a thorn hunter
 33412 | Swamp:1  | Reached XP level 17. HP: 102/103 MP: 25/25
 34206 | Swamp:2  | Found a deep blue altar of Sif Muna.
 34951 | Swamp:3  | Found a runed door.
 35253 | Swamp:3  | Reached skill level 11 in Fighting
 35503 | Swamp:3  | Got an ichor-stained buckler
 35766 | Spider:2 | Noticed Jorgrun
 35775 | Spider:2 | Killed Jorgrun
 36216 | Spider:2 | Noticed Arachne
 36237 | Spider:2 | Killed Arachne
 36300 | Spider:2 | Identified Ynlu's Almanac of Hexes and the Escort
 37302 | Spider:3 | Reached skill level 1 in Evocations
 37302 | Spider:3 | Reached XP level 18. HP: 110/110 MP: 27/27
 37331 | Spider:3 | Noticed Sinnyil's ghost (adept GnSk)
 37377 | Spider:3 | Killed Sinnyil's ghost
 37999 | D:8      | Killed mattiecakes's ghost
 38047 | D:8      | Killed Gastronok
 38776 | D:15     | Entered Level 15 of the Dungeon
 38896 | D:15     | Found a snail-covered altar of Cheibriados.
 38990 | D:15     | Found a staircase to the Depths.
 39069 | D:15     | Found a glowing golden altar of the Shining One.
 39070 | D:15     | Found a stormy altar of Qazlal.
 39473 | D:14     | Got a pitted chain mail
 39629 | D:14     | Identified the cursed +1 chain mail of the Heavens {Regen+} (You took it off an orc knight on level 14 of the Dungeon)
 40802 | D:15     | Identified the +2 buckler "Elonneli" {rElec Slay+2 Stlth+} (You found it on level 3 of the Swamp)
 41060 | Spider:4 | Entered Level 4 of the Spider Nest
 41161 | Spider:4 | Reached skill level 12 in Fighting
 41395 | Spider:4 | Reached XP level 19. HP: 116/116 MP: 29/29
 41784 | Spider:4 | Got a gossamer rune of Zot
 42432 | Swamp:4  | Entered Level 4 of the Swamp
 43393 | Swamp:4  | Got a decaying rune of Zot
 43780 | Vaults:1 | Entered Level 1 of the Vaults
 43807 | Vaults:1 | Reached skill level 15 in Invocations
 43834 | Vaults:1 | Reached skill level 5 in Evocations
 44017 | Vaults:1 | Found a flickering gateway to a bazaar.
 44027 | Bazaar   | Entered a bazaar
 44029 | Bazaar   | Found Liuhimug's Gadget Emporium.
 44038 | Bazaar   | Found Qegroi's Book Boutique.
 44079 | Bazaar   | Found Tuthat's Weapon Shoppe.
 44087 | Bazaar   | Found Ruischuwe's Jewellery Shop.
 44095 | Bazaar   | Bought the amulet of the Four Winds {rN+ MR+++ Clar} for 746 gold pieces
 44095 | Bazaar   | Found the amulet of the Four Winds {rN+ MR+++ Clar}
 44095 | Bazaar   | Bought an uncursed ring of see invisible for 255 gold pieces
 44095 | Bazaar   | Bought an uncursed ring of protection from cold for 425 gold pieces
 44125 | Bazaar   | Bought a wand of enslavement (4) for 66 gold pieces
 44282 | Vaults:1 | Identified the +9 demon blade "Yzaeriy" {drain, Stlth+} (You found it on level 1 of the Vaults)
 44505 | Vaults:1 | Reached skill level 13 in Fighting
 44511 | Vaults:1 | Reached XP level 20. HP: 124/124 MP: 31/31
 45429 | Elf:1    | Entered Level 1 of the Elven Halls
 45429 | Elf:1    | Found Hazaunad's Gadget Shoppe.
 45523 | Elf:1    | Noticed Agnes
 45534 | Elf:1    | Killed Agnes
 46478 | Elf:2    | Found a runed gate.
 46478 | Elf:2    | Found a runed gate.
 46483 | Elf:2    | Found a runed gate.
 46910 | Elf:2    | Found an ancient bone altar of Kikubaaqudgha.
 46990 | Elf:2    | Learned a level 2 spell: Blink
 46993 | Elf:2    | Learned a level 2 spell: Swiftness
 46999 | Elf:2    | Learned a level 5 spell: Aura of Abjuration
 47057 | Elf:2    | Reached skill level 14 in Fighting
 47506 | Elf:3    | Entered Level 3 of the Elven Halls
 47527 | Elf:3    | Reached XP level 21. HP: 132/132 MP: 33/33
 47909 | Elf:3    | Got a fine jade amulet
 48150 | Elf:3    | Identified Sif Muna's Collected Works on Cloudy Earth
 48563 | Elf:3    | Identified the amulet "Zuagi" {Acrobat Fragile rC+++ Str-3} (You took it off a deep elf death mage on level 3 of the Elven Halls)
 48617 | Elf:3    | Identified the +6 chain mail "Gelev" {*Slow +Blink rF+ rN+} (You found it on level 3 of the Elven Halls)
 48697 | Elf:3    | Identified the +9 halberd of the Valley {flame, -Tele rC+++ Str+7 Dex-2} (You took it off a deep elf demonologist on level 3 of the Elven Halls)
 48844 | Elf:3    | Identified the cursed +0 chain mail "Damnable Contraption" {rPois} (You took it off a deep elf master archer on level 3 of the Elven Halls)
 49080 | Vaults:2 | Noticed Nikola
 49097 | Vaults:2 | Killed Nikola
 49360 | Vaults:2 | Reached skill level 15 in Fighting
 49617 | Vaults:2 | Identified the cursed +0 scale mail "Cetweucu" {Int+5} (You found it on level 2 of the Vaults)
 49703 | Vaults:2 | Noticed Jory
 49731 | Vaults:2 | Noticed Xtahua
 49738 | Vaults:2 | Killed Xtahua
 49742 | Vaults:2 | Killed Jory
 49746 | Vaults:2 | Reached XP level 22. HP: 126/140 MP: 18/34
 50268 | Vaults:2 | Got a heavily runed lead ring
 50271 | Vaults:2 | Identified the ring of Xuris {Ice Dex+4} (You found it on level 2 of the Vaults)
 50382 | Vaults:2 | Identified the +12 plate armour of Dusoz {rC++ Regen+ Dex-4} (You found it on level 2 of the Vaults)
 50426 | Vaults:2 | Found Oxullyph's Magic Scroll Shop.
 50437 | Vaults:2 | Bought a scroll of identify for 36 gold pieces
 50437 | Vaults:2 | Bought a scroll of identify for 36 gold pieces
 50437 | Vaults:2 | Bought a scroll of blinking for 135 gold pieces
 50437 | Vaults:2 | Bought a scroll of summoning for 171 gold pieces
 50437 | Vaults:2 | Bought a scroll of holy word for 135 gold pieces
 51000 | Vaults:3 | Found a staircase to the Crypt.
 51229 | Vaults:3 | Reached skill level 16 in Fighting
 51841 | Vaults:3 | Reached skill level 10 in Dodging
 52190 | Vaults:4 | Noticed Bai Suzhen
 52218 | Vaults:4 | Killed Bai Suzhen
 52989 | Vaults:4 | Reached XP level 23. HP: 146/148 MP: 29/36
 53005 | Vaults:4 | Reached skill level 17 in Fighting
 53021 | Vaults:4 | Reached skill level 15 in Armour
 53873 | Depths:1 | Entered Level 1 of the Depths
 54203 | Depths:1 | Found Vintewor's Pet Rocks.
 54318 | Depths:1 | Found a gateway to Hell.
 54603 | Depths:2 | Found a magical portal.
 54612 | WizLab   | Entered The Hall of the Hellbinder
 54961 | WizLab   | Got a steaming quarterstaff {speed}
 54966 | WizLab   | Found a burning altar of Makhleb.
 54979 | WizLab   | Identified Sif Muna's Grimoire of Slavery
 55088 | WizLab   | Identified the cursed +1 quarterstaff of Punishment {speed, MR+} (You took it off a Hellbinder in a wizard's laboratory)
 55364 | Depths:2 | Reached skill level 18 in Fighting
 55404 | Depths:2 | Noticed a juggernaut
 55423 | Depths:2 | Killed a juggernaut
 55451 | Depths:2 | Noticed a caustic shrike
 55481 | Depths:2 | Killed a caustic shrike
 55579 | Depths:2 | Found a runed door.
 55863 | Depths:2 | Noticed a caustic shrike
 55864 | Depths:2 | Noticed a golden dragon
 55866 | Depths:2 | Reached XP level 24. HP: 151/159 MP: 36/36
 55871 | Depths:2 | Killed a caustic shrike
 56187 | Depths:3 | Reached skill level 19 in Fighting
 56307 | Depths:3 | Found Ucseente's Gadget Emporium.
 56858 | Depths:3 | Found a one-way gate leading to the halls of Pandemonium.
 56961 | Depths:3 | Found a runed door.
 57081 | Depths:3 | Identified the +7 great mace of Eber {crush, rElec rC+ rN+++ Int-2} (You took it off a vampire knight on level 3 of the Depths)
 57222 | Depths:4 | Noticed the Enchantress
 57266 | Depths:4 | Killed the Enchantress
 57324 | Depths:4 | Found Jinol's Book Emporium.
 57446 | Depths:4 | Reached XP level 25. HP: 166/166 MP: 36/36
 57642 | Depths:4 | Found Gacil's General Store.
 57650 | Depths:4 | Found Namybbeg's Magic Scroll Shop.
 57967 | Depths:4 | Found a gateway to a ziggurat.
 57981 | Depths:4 | Found a one-way gate to the infinite horrors of the Abyss.
 58078 | Depths:4 | Found Cecver's Armour Boutique.
 58084 | Depths:4 | Bought the +0 pair of boots of Poxan {rElec rC++ rCorr} for 665 gold pieces
 58378 | Depths:4 | Got a flickering golden amulet
 58379 | Depths:4 | Identified the amulet "Seofrurph" {Reflect rPois SH+4} (You found it on level 4 of the Depths)
 58609 | Depths:5 | Entered Level 5 of the Depths
 58917 | Depths:5 | Found a gate to the Realm of Zot.
 59016 | Depths:5 | Noticed Sojobo
 59034 | Depths:5 | Killed Sojobo
 59034 | Depths:5 | Reached skill level 20 in Fighting
 59501 | Depths:5 | Found Gosakej's Jewellery Shop.
 59501 | Depths:5 | Found Tiavomn's Gadget Emporium.
 59502 | Depths:5 | Found Votoxtu's Gadget Emporium.
 60025 | Vaults:5 | Entered Level 5 of the Vaults
 60045 | Vaults:5 | Noticed an ancient lich
 60053 | Vaults:5 | Reached XP level 26. HP: 113/175 MP: 35/37
 60057 | Vaults:5 | Noticed an ancient lich
 60184 | Vaults:5 | Killed an ancient lich
 60204 | Vaults:5 | Killed an ancient lich
 60544 | Vaults:5 | Noticed an ancient lich
 60562 | Vaults:5 | Killed an ancient lich
 60619 | Vaults:5 | Found Eclot Roeru's Armour Boutique.
 60620 | Vaults:5 | Found the +2 cloak of the Thief {+Fog Slay-2 SInv Stlth+}
 60620 | Vaults:5 | Found the +0 sword of Power
 60650 | Vaults:5 | Identified the Disquisition on the Shifting Volcanoes
 61614 | Vaults:5 | Got a silver rune of Zot
 61794 | Vaults:5 | Identified the +6 plate armour of the Neverending Deaths {*Contam rElec rC+ rN++} (You found it on level 5 of the Vaults)
 61800 | Vaults:5 | Bought a +2 large shield of fire resistance for 301 gold pieces
 62162 | Vaults:2 | Bought a scroll of holy word for 135 gold pieces
 62162 | Vaults:2 | Bought a scroll of holy word for 135 gold pieces
 62449 | Depths:4 | Bought a scroll of blinking for 187 gold pieces
 62449 | Depths:4 | Bought a scroll of acquirement for 1300 gold pieces
 62449 | Depths:4 | Bought a scroll of magic mapping for 87 gold pieces
 62703 | Depths:5 | Bought a phantom mirror for 630 gold pieces
 62703 | Depths:5 | Bought a wand of clouds (5) for 567 gold pieces
 62703 | Depths:5 | Bought a wand of iceblast (7) for 231 gold pieces
 62703 | Depths:5 | Bought a wand of acid (9) for 546 gold pieces
 62769 | Zot:1    | Entered Level 1 of the Realm of Zot
 62897 | Zot:1    | Reached XP level 27. HP: 176/181 MP: 37/37
 66240 | Zot:4    | Noticed an ancient lich
 66246 | Zot:4    | Killed an ancient lich
 66342 | Zot:4    | Noticed an orb of fire
 66351 | Zot:4    | Gained mutation: You are frail. (-10% HP) [an orb of fire]
 66362 | Zot:4    | Killed an orb of fire
 66426 | Zot:4    | Reached skill level 21 in Fighting
 66997 | Zot:4    | Reached skill level 22 in Fighting
 67443 | Zot:4    | Cast into level 5 of the Abyss (a Zot trap)
 67443 | Abyss:5  | Entered Level 5 of the Abyss
 67449 | Abyss:5  | Found a corrupted altar of Lugonu.
 67557 | Abyss:5  | Paralysed by accursed screaming for 1 turns
 67610 | Zot:4    | Escaped the Abyss
 67622 | Zot:4    | Reached skill level 23 in Fighting
 67893 | Zot:5    | Entered Level 5 of the Realm of Zot
 68014 | Zot:5    | Noticed an ancient lich
 68035 | Zot:5    | Killed an ancient lich
 68276 | Zot:5    | Noticed an ancient lich
 68296 | Zot:5    | Killed an ancient lich
 68296 | Zot:5    | Reached skill level 24 in Fighting
 68313 | Zot:5    | Noticed an ancient lich
 68323 | Zot:5    | Killed an ancient lich
 68406 | Zot:5    | Noticed an ancient lich
 68425 | Zot:5    | Killed an ancient lich
 68455 | Zot:5    | Noticed an ancient lich
 68479 | Zot:5    | Killed an ancient lich
 68526 | Zot:5    | Noticed an orb of fire
 68526 | Zot:5    | Gained mutation: You are weak. (Str -2) [an orb of fire]
 68548 | Zot:5    | Noticed an orb of fire
 68636 | Zot:5    | Noticed an ancient lich
 68649 | Zot:5    | Reached skill level 25 in Fighting
 68650 | Zot:5    | Killed an ancient lich
 68652 | Zot:5    | Lost mutation: You are weak. (Str -2) [potion of mutation]
 68652 | Zot:5    | Lost mutation: You are frail. (-10% HP) [potion of mutation]
 68652 | Zot:5    | Gained mutation: You have a beak for a mouth. [potion of mutation]
 68652 | Zot:5    | Gained mutation: You occasionally shout uncontrollably at your foes. [potion of mutation]
 68652 | Zot:5    | Gained mutation: You are surrounded by a mild repulsion field. (EV +2) [potion of mutation]
 68652 | Zot:5    | Gained mutation: You possess an exceptional clarity of mind. [potion of mutation]
 68963 | Zot:5    | Noticed an ancient lich
 68976 | Zot:5    | Killed an ancient lich
 68980 | Zot:5    | Gained mutation: Your body sometimes deteriorates upon taking damage. [an orb of fire]
 68981 | Zot:5    | Gained mutation: Your spells are a little easier to cast, but a little less powerful. [an orb of fire]
 68986 | Zot:5    | Killed an orb of fire
 69005 | Zot:5    | Killed an orb of fire
 69012 | Zot:5    | Noticed an ancient lich
 69021 | Zot:5    | Reached skill level 26 in Fighting
 69025 | Zot:5    | Killed an ancient lich
 69200 | Zot:5    | Noticed an ancient lich
 69210 | Zot:5    | Killed an ancient lich
 69212 | Zot:5    | Reached skill level 27 in Fighting
 69304 | Zot:5    | Got the Orb of Zot
 69452 | Zot:1    | Noticed Qoheunag the pandemonium lord
 69455 | Zot:1    | Noticed Gagoxtea the pandemonium lord
 69475 | Depths:5 | Killed Qoheunag the pandemonium lord
 69636 | Depths:1 | Noticed a seraph
 69653 | Depths:1 | Noticed Kibe the pandemonium lord
 69657 | Depths:1 | Paralysed by a floating eye for 3 turns
 69918 | D:4      | Found a burning altar of Makhleb.
 70084 | D:$      | Escaped with the Orb!

Vault maps used:
D:1:      dpeg_arrival_tiny_a
D:2:      serial_bayou_pond_d, minmay_misc_feat_columns,
          nicolae_ashenzari_panopticon, uniq_natasha
D:3:      first_ration, hex_large, uniq_sigmund
D:4:      nicolae_overflow_hidden_temple, serial_shops, shop,
          kennysheep_windowed_goal, uniq_menkaure
D:6:      cheibrodos_quashed, overflow_temple_1_default,
          minmay_temple_entry_purple_smoke, lemuel_old_faithful, uniq_pikel
D:7:      grunt_temple_overflow_open, grunt_livestock, uniq_joseph
D:8:      kennysheep_mini_moat, enter_bailey_3, uniq_grum, uniq_gastronok
D:9:      lemuel_crystal_altar, basic_altar, lemuel_flamethrower_2
D:10:     due_lair_maze_entry_diamond
D:11:     serial_shops, shop_fountains
D:12:     zombieorc2_lemuel
D:13:     basic_altar, fountainhead, uniq_erolcha, uniq_nessos
D:14:     david_vaults_4, basic_altar, serial_bayou_lagoon_a
D:15:     hangedman_slaughterboxes
Temple:   regret_index_temple_waves
Lair:1:   kennysheep_rathole, uniq_harold
Lair:2:   swamp_mist, lab_entry_generic, grunt_megastairs_1,
          infiniplex_staircase_pool_2, lemuel_fruit_fields, uniq_sonja
Lair:3:   statuecave_lemuel, serial_bayou_shore_b, grunt_megastairs_5
Lair:4:   nicolae_spider_entry_tight_spaces, grunt_megastairs_2
Lair:5:   basic_altar, bobbens_dragon_lair_wall, lemuel_fruit_tree,
          grunt_megastairs_3
Lair:6:   minmay_lair_end_enchanted_forest, minmay_slime_entry_pillars,
          basic_altar, minmay_lair_drake_nest, uniq_rupert
Swamp:1:  evilmike_swamp_ruin_house_5
Swamp:2:  basic_altar, swamp_pool2, infiniplex_staircase_pool
Swamp:3:  gammafunk_mikee_crab_dinner, evilmike_swamp_ruin_house_1, swamp_pool1
Swamp:4:  swamp
Spider:1: hangedman_creepy_crawlies, uniq_azrael, uniq_josephine, uniq_donald,
          uniq_louise
Spider:2: guppyfry_hornet_nest, uniq_arachne, uniq_jorgrun
Spider:4: guppyfry_spider_rune, guppyfry_spider_mini_2
Orc:1:    serial_shops, shop, sword_in_stone, uniq_nergalle
Orc:2:    st_orc_rangers, basic_altar
Elf:1:    serial_shops, shop, minivault_28, uniq_agnes
Elf:2:    basic_altar
Elf:3:    grunt_elf_hall_spiral
Vaults:1: st_eye, nicolae_vaults_mini_display_case, hangedman_vaults_snaps,
          v_misc_33, nicolae_vaults_network_periphery, vaults_mumra_chevron,
          hangedman_vaults_hat, vaults_dpeg_encased_lava, serial_shops,
          freezing_bzr
Vaults:2: ontoclasm_vaults_ring_small, nicolae_vaults_three_branches,
          vaults_room_grid, nicolae_vaults_windows_and_doors_thing,
          ontoclasm_vaults_ring_small, v_misc_13, v_misc_14,
          ontoclasm_vaults_idyll, nicolae_vaults_shelves_hall, serial_shops,
          shop_fountains, uniq_nikola, uniq_xtahua, uniq_jory
Vaults:3: vaults_standard_mumra_lines, v_misc_30, v_misc_17,
          hangedman_vaults_slither, vaults_room_hallway, v_rooms_2,
          hangedman_vaults_nodes, nicolae_vaults_little_squares_3,
          nicolae_vaults_asterisk, vaults_mumra_chevron_long, vaults_room_fours
Vaults:4: ontoclasm_vaults_bender, nicolae_vaults_yaktaur_gun_rack,
          v_alt_pattern_6, nicolae_vaults_network_star, v_pattern_5,
          vaults_mumra_minichess, vaults_room_door_hall,
          grunt_vaults_hallway_short, uniq_bai_suzhen
Vaults:5: serial_shops
Depths:1: grunt_hell_entry_dis_mu, eino_tiny_chamber, guppyfry_shop_earth,
          firewood_loft
Depths:2: cheibrodos_salmonella, hangedman_coc_ice_floe, mu_enter_wizlab_5,
          infiniplex_staircase_pool_1, lightli_gold_pyramid
Depths:3: minmay_gate_of_8, serial_shops, shop, hellmouth_3,
          grunt_pan_entry_spiral, minmay_misc_feat_chi, roderic_roman_lattice
Depths:4: cheibrodos_poisonous_passages, enter_ziggurat_b, abyss_entry,
          serial_shops, kennysheep_mini, shop, kennysheep_little_box, shop,
          hangedman_tar_grid_catacomb, pan_entry, uniq_enchantress
Depths:5: grunt_zot_entry_tricorne, grunt_decor_one_mirror,
          grunt_hell_entry_demonic_statue, serial_glass, glass_columns_c,
          glass_columns_b, glass_columns_c, glass_columns_c, glass_columns_a,
          minmay_shop_grove, serial_bayou_shore_a, serial_bayou_shore_b,
          uniq_sojobo
Zot:1:    lemuel_draconian_sentries, hangedman_elemental_grid_stream
Zot:2:    lemuel_halls_of_wrath, zot_minivault_2
Zot:4:    grunt_ministairs_5, hangedman_player_shredder
Abyss:5:  evilmike_abyss_exit_13, hangedman_classic_abyss_death,
          nicolae_abyss_rune_star_stuff, evilmike_abyss_exit_13,
          kilobyte_mutagenic_chamber
Bazaar:   bazaar_jpeg_ribbon
Bailey:   bailey_axe_bossmonster_kennysheep, bailey
WizLab:   wizlab_demon

Skill      XL: |  1  2  3  4  5  6  7  8  9 10 11 12 13 14 15 16 17 18 19 20 21 22 23 24 25 26 27 |
---------------+----------------------------------------------------------------------------------+-----
Axes           | 2 3 4 5 8 9 11 12 13 14 15 16 17 18 19 20 | 20.4
Fighting       | 4 5 6 7 8 9 10 11 12 13 14 15 16 18 19 20 27 | 27.0
Shields        | 4 5 7 8 10 11 12 14 15 16 17 19 25 | 25.0
Throwing       | 2 4 6 7 8 |  8.0
Armour         | 5 6 8 9 10 11 12 13 14 15 16 17 | 17.8
Invocations    | 5 7 10 11 13 14 15 16 17 18 19 20 21 | 21.6
Dodging        | 2 4 5 6 7 8 9 10 11 12 13 | 13.0
Evocations     | 1 3 5 6 8 |  8.0

Action                   |  1- 3 |  4- 6 |  7- 9 | 10-12 | 13-15 | 16-18 | 19-21 | 22-24 | 25-27 || total
-------------------------+-------+-------+-------+-------+-------+-------+-------+-------+-------++-------
Melee: War axe           |   110 |   165 |   422 |   235 |       |       |       |       |       ||   932
       Broad axe         |       |       |       |   702 |  1302 |  1605 |  1299 |  1383 |  2924 ||  9215
       Flail             |       |       |       |       |    26 |    50 |    20 |       |       ||    96
       Peck              |       |       |       |       |       |       |       |       |    79 ||    79
Throw: Stone             |       |       |    16 |    75 |       |       |       |       |       ||    91
       Tomahawk          |       |       |       |    87 |    48 |    19 |    24 |    22 |    15 ||   215
 Cast: Swiftness         |       |       |       |       |       |       |       |       |     1 ||     1
Invok: Upheaval          |       |       |       |     5 |     8 |     6 |    18 |    17 |    24 ||    78
       Elemental Force   |       |       |       |       |     1 |     1 |       |     1 |     1 ||     4
       Disaster Area     |       |       |       |       |       |       |     3 |     1 |     6 ||    10
 Abil: Fly               |       |       |       |       |       |     1 |       |       |     1 ||     2
       Stop Flying       |       |       |       |       |       |     1 |     2 |       |     1 ||     4
Evoke: Wand              |       |       |       |       |    17 |     1 |     4 |       |    26 ||    48
       Phial of floods   |       |       |       |       |       |       |       |       |     1 ||     1
  Use: Scroll            |       |     6 |     3 |    19 |    12 |    14 |    21 |    10 |    33 ||   118
       Potion            |       |     2 |     2 |     3 |     2 |     9 |     2 |     1 |    13 ||    34
 Stab: Paralysed         |       |       |       |       |    12 |       |       |       |       ||    12
       Held in net/web   |       |       |       |       |     1 |       |       |       |       ||     1
       Confused          |       |       |       |       |       |     2 |       |       |     1 ||     3
       Petrifying        |       |       |       |       |       |     1 |       |       |       ||     1
       Distracted        |       |       |       |       |       |     1 |       |       |     3 ||     4
       Petrified         |       |       |       |       |       |       |       |     5 |       ||     5
  Eat: Chunk             |     1 |     5 |    13 |    17 |    13 |    16 |    12 |    16 |    15 ||   108
       Ration            |       |     1 |       |     9 |     9 |     8 |     6 |     3 |    18 ||    54
Armor: Scale mail        |    56 |    78 |   219 |   119 |       |       |       |       |       ||   472
       Skin              |       |     3 |       |       |       |       |       |       |       ||     3
       Plate armour      |       |       |       |   173 |   215 |   622 |   338 |   516 |   996 ||  2860
       Chain mail        |       |       |       |   224 |   415 |       |    38 |     9 |       ||   686
       Ring mail         |       |       |       |       |   106 |       |       |       |       ||   106
Dodge: Dodged            |    38 |    43 |   113 |   213 |   354 |   322 |   167 |   273 |   548 ||  2071
       Deflected         |       |       |       |     1 |     6 |    22 |    23 |    17 |    44 ||   113
Block: Shield            |    51 |    79 |   230 |   857 |  1658 |  1843 |  1224 |  1366 |   845 ||  8153
       Reflection        |       |       |       |       |       |   130 |   130 |    85 |    65 ||   410
       Large shield      |       |       |       |       |       |       |       |       |  2541 ||  2541

Table legend:
 A = Spawn XP
 B = Non-spawn XP
 C = Spawn XP percentage of total XP
 D = Spawn monster count
 E = Non-spawn monster count
 F = Spawn count percentage of total count
 G = Total turns spent on level
                    A         B        C        D         E        F      G
               +---------+---------+-------+---------+---------+-------+---------
         Total |   13017 | 1834087 |   0.7 |      19 |    2645 |   0.7 | 70084
               +---------+---------+-------+---------+---------+-------+---------
           D:1 |       0 |      18 |   0.0 |       0 |      10 |   0.0 |   694
           D:2 |       0 |     193 |   0.0 |       0 |      25 |   0.0 |  1851
           D:3 |       0 |     410 |   0.0 |       0 |      29 |   0.0 |  1099
           D:4 |       0 |     499 |   0.0 |       0 |      22 |   0.0 |  1486
           D:5 |       0 |    1374 |   0.0 |       0 |      32 |   0.0 |  1817
           D:6 |       0 |    1242 |   0.0 |       0 |      24 |   0.0 |  1425
           D:7 |       0 |    2374 |   0.0 |       0 |      30 |   0.0 |  1305
           D:8 |       0 |    6646 |   0.0 |       0 |      27 |   0.0 |  1426
           D:9 |       0 |    1943 |   0.0 |       0 |      39 |   0.0 |  1667
          D:10 |       0 |    6116 |   0.0 |       0 |      34 |   0.0 |  1418
          D:11 |       0 |    3442 |   0.0 |       0 |      28 |   0.0 |   981
          D:12 |       0 |    3708 |   0.0 |       0 |      68 |   0.0 |  1891
          D:13 |       0 |   11060 |   0.0 |       0 |      38 |   0.0 |  1386
          D:14 |       0 |   14288 |   0.0 |       0 |      34 |   0.0 |  1276
          D:15 |       0 |   43196 |   0.0 |       0 |      78 |   0.0 |  2067
        Lair:1 |       0 |    3579 |   0.0 |       0 |      24 |   0.0 |  1272
        Lair:2 |       0 |    5729 |   0.0 |       0 |      33 |   0.0 |  1092
        Lair:3 |       0 |    7495 |   0.0 |       0 |      23 |   0.0 |  1923
        Lair:4 |       0 |   17670 |   0.0 |       0 |      51 |   0.0 |  3088
        Lair:5 |       0 |   13923 |   0.0 |       0 |      45 |   0.0 |  1768
        Lair:6 |       0 |   18963 |   0.0 |       0 |      75 |   0.0 |  1620
       Swamp:1 |       0 |   12271 |   0.0 |       0 |      27 |   0.0 |  1207
       Swamp:2 |       0 |   15142 |   0.0 |       0 |      39 |   0.0 |  1072
       Swamp:3 |       0 |   23571 |   0.0 |       0 |      54 |   0.0 |  1113
       Swamp:4 |       0 |   30698 |   0.0 |       0 |      55 |   0.0 |   744
      Spider:1 |       0 |   37767 |   0.0 |       0 |     118 |   0.0 |  2903
      Spider:2 |       0 |   18820 |   0.0 |       0 |      41 |   0.0 |  1326
      Spider:3 |       0 |    9600 |   0.0 |       0 |      19 |   0.0 |   628
      Spider:4 |       0 |   29364 |   0.0 |       0 |      59 |   0.0 |  1128
         Orc:1 |       0 |    9873 |   0.0 |       0 |      69 |   0.0 |  1021
         Orc:2 |       0 |    6091 |   0.0 |       0 |      57 |   0.0 |   862
         Elf:1 |       0 |   29983 |   0.0 |       0 |      45 |   0.0 |  1047
         Elf:2 |       0 |   40814 |   0.0 |       0 |      55 |   0.0 |  1069
         Elf:3 |       0 |   62462 |   0.0 |       0 |      55 |   0.0 |  1398
      Vaults:1 |       0 |   60395 |   0.0 |       0 |      96 |   0.0 |  1439
      Vaults:2 |       0 |   60712 |   0.0 |       0 |      86 |   0.0 |  1675
      Vaults:3 |       0 |   44945 |   0.0 |       0 |      63 |   0.0 |  1399
      Vaults:4 |       0 |   60229 |   0.0 |       0 |      81 |   0.0 |  1678
      Vaults:5 |       0 |  162874 |   0.0 |       0 |     133 |   0.0 |  1967
      Depths:1 |       0 |   39448 |   0.0 |       0 |      47 |   0.0 |   796
      Depths:2 |       0 |   73828 |   0.0 |       0 |      50 |   0.0 |  1033
      Depths:3 |       0 |   85708 |   0.0 |       0 |     120 |   0.0 |  1319
      Depths:4 |       0 |   58119 |   0.0 |       0 |      53 |   0.0 |  1523
      Depths:5 |       0 |   77686 |   0.0 |       0 |      72 |   0.0 |  1311
         Zot:1 |       0 |   89363 |   0.0 |       0 |      49 |   0.0 |  1450
         Zot:2 |       0 |  111256 |   0.0 |       0 |      80 |   0.0 |  1297
         Zot:3 |       0 |   41545 |   0.0 |       0 |      27 |   0.0 |   742
         Zot:4 |    7065 |  103119 |   6.4 |       4 |      51 |   7.3 |  1576
         Zot:5 |       0 |  228367 |   0.0 |       0 |      84 |   0.0 |  1450
       Abyss:5 |    5952 |   17744 |  25.1 |      15 |      29 |  34.1 |   167
        Bailey |       0 |    2058 |   0.0 |       0 |      27 |   0.0 |   523
        WizLab |       0 |   26367 |   0.0 |       0 |      35 |   0.0 |   522
               +---------+---------+-------+---------+---------+-------+---------
